 Dungeon Crawl Stone Soup version 0.21.1-1-g345015fe64 (webtiles) character file.

2157 OlSheep the Scholar of Death (level 9, -4/42 HPs)
             Began as a Vine Stalker Necromancer on July 20, 2018.
             Was a Follower of Kikubaaqudgha.
             Slain by a two-headed ogre
             ... wielding a +0 dire flail
              (21 damage)
             ... on level 8 of the Dungeon on July 24, 2018.
             The game lasted 00:49:52 (7690 turns).

OlSheep the Scholar of Death (VSNe)                 Turns: 7690, Time: 00:49:53

Health: -4/42      AC: 10    Str: 12    XL:     9   Next: 31%
Magic:  0/20       EV: 12    Int: 17    God:    Kikubaaqudgha [*.....]
Gold:   303        SH:  0    Dex: 15    Spells: 7/22 levels left

rFire    . . .     SeeInvis .   j - +1 halberd
rCold    . . .     Gourm    .   (shield currently unavailable)
rNeg     . . .     Faith    .   D - +2 robe {MR+}
rPois    +         Spirit   +   A - +0 helmet
rElec    .         Reflect  .   C - +2 cloak {rPois}
rCorr    .         Harm     .   (no gloves)
MR       ++...                  k - +1 pair of boots
Stlth    ++........             (no amulet)
HPRegen  0.54/turn              (no ring)
MPRegen  0.17/turn              (no ring)

@: no status effects
A: fangs 3, regeneration 1, magic shield, antimagic bite, no potion heal 3, rot
immunity
a: Receive Corpses, Renounce Religion


You were on level 8 of the Dungeon.
You worshipped Kikubaaqudgha.
Kikubaaqudgha was aware of your devotion.
You were not hungry.

You visited 2 branches of the dungeon, and saw 9 of its levels.

You collected 303 gold pieces.

Inventory:

Hand Weapons
 i - a +2 rapier of protection
 j - a +1 halberd (weapon)
 B - a +3 quarterstaff of chaos
 G - a +0 shortbow
Missiles
 f - 127 arrows
 g - 66 bolts
Armour
 k - a +1 pair of boots (worn)
 A - a +0 helmet (worn)
 C - a +2 cloak of poison resistance (worn)
 D - a +2 robe of magic resistance (worn)
Magical Staves
 m - an uncursed staff of poison {unknown}
 u - an uncursed staff of earth
Wands
 x - a wand of scattershot (2)
Scrolls
 d - 3 scrolls of magic mapping
 e - 2 scrolls of remove curse
 h - a scroll of teleportation {unknown}
 l - 3 scrolls of amnesia
 r - 2 scrolls of enchant armour
 s - a scroll of blinking
 y - 4 scrolls of identify
 H - a scroll of fog
 I - a scroll of enchant weapon
Potions
 a - a potion of berserk rage
 n - 2 potions of agility
 o - a potion of cancellation
 p - 2 potions of heal wounds
 t - 3 potions of flight
 v - a potion of brilliance
 w - 2 potions of curing
Books
 b - a book of Necromancy

   Spells                             Type                      Level
   a - Pain                           Necromancy                   1
   b - Animate Skeleton               Necromancy                   1
   c - Vampiric Draining              Necromancy                   3
   d - Regeneration                   Charms/Necromancy            3
   e - Animate Dead                   Necromancy                   4
   f - Borgnjor's Vile Clutch         Necromancy/Earth             5
 q - Kikubaaqudgha's Reference Book on Black Arts
   (Kikubaaqudgha gifted it to you on level 6 of the Dungeon)

   Spells                             Type                      Level
   a - Animate Skeleton               Necromancy                   1
   b - Pain                           Necromancy                   1
   c - Sublimation of Blood           Necromancy                   2
   d - Regeneration                   Charms/Necromancy            3
 z - a book of Misfortune

   Spells                             Type                      Level
   a - Confusing Touch                Hexes                        1
   b - Confuse                        Hexes                        3
   c - Gell's Gravitas                Translocation                3
   d - Petrify                        Transmutation/Earth          4
   e - Metabolic Englaciation         Hexes/Ice                    5
   f - Yara's Violent Unravelling     Hexes/Transmutation          5
 E - a book of Cantrips

   Spells                             Type                      Level
   a - Confusing Touch                Hexes                        1
   b - Animate Skeleton               Necromancy                   1
   c - Summon Small Mammal            Summoning                    1
   d - Apportation                    Translocation                1
 F - a book of Minor Magic

   Spells                             Type                      Level
   a - Magic Dart                     Conjuration                  1
   b - Blink                          Translocation                2
   c - Call Imp                       Summoning                    2
   d - Slow                           Hexes                        2
   e - Conjure Flame                  Conjuration/Fire             3
   f - Mephitic Cloud                 Conjuration/Poison/Air       3
Comestibles
 c - 16 rations


   Skills:
 + Level 2.1 Fighting
 + Level 3.8 Polearms
 - Level 1.5 Dodging
 - Level 2.4 Stealth
 + Level 7.2 Spellcasting
 * Level 3.0 Hexes
 + Level 0.9 Charms
 + Level 8.7 Necromancy


You had 7 spell levels left.
You knew the following spells:

 Your Spells              Type           Power        Failure   Level  Hunger
a - Pain                  Necr           ####         1%          1    None
b - Animate Skeleton      Necr           N/A          1%          1    None
c - Vampiric Draining     Necr           #####.....   1%          3    ##.....
d - Regeneration          Chrm/Necr      ###.......   4%          3    ##.....
e - Animate Dead          Necr           N/A          3%          4    ####...
f - Confuse               Hex            ###.....     10%         3    ##.....


Dungeon Overview and Level Annotations

Branches:
Dungeon (8/15)             Temple (1/1) D:4
   Lair: D:8-11

Altars:
Ashenzari
Dithmenos
Elyvilon
Fedhas
Gozag
Hepliaklqana
Kikubaaqudgha
Nemelex Xobeh
Okawaru
Qazlal
Ru
Sif Muna
Trog
Uskayaw
Xom
Yredelemnul
Zin
The Shining One

Annotations:
D:7 SlightEye's ghost, journeyman FoFi


Innate Abilities, Weirdness & Mutations

You have razor-sharp teeth.
Your natural rate of healing is unusually fast.
When hurt, damage is shared between your health and your magic reserves.
Your bite disrupts and absorbs the magic of your enemies.
Potions cannot restore your health.
You are immune to rotting.


Message History

Aiming: Vampiric Draining
Press: ? - help, Shift-Dir - straight line, f/p - two-headed ogre
Aim: a two-headed ogre, wielding a dire flail and a giant club (moderately wounded)
The two-headed ogre is heavily wounded.
You feel life coursing into your body.
Casting: Vampiric Draining
Confirm with . or Enter, or press ? or * to list all spells.
You don't have enough magic to cast that spell.
Unknown command.
Casting: Vampiric Draining
Confirm with . or Enter, or press ? or * to list all spells.
Aiming: Pain
Press: ? - help, Shift-Dir - straight line, f/p - two-headed ogre
Aim: a two-headed ogre, wielding a dire flail and a giant club (heavily wounded, chance to defeat MR: 71%)
The two-headed ogre writhes in agony!
The two-headed ogre hits you with a dire flail!
The two-headed ogre hits you with a giant club!!
Ouch! That really hurt!
You die...
Kikubaaqudgha rasps: "You have failed me!
Welcome... death!"

#..# ..#
..# ..#
#.# #.#
#.# #@#
#O# #.#
#)# #.#
#.## ###
#..#
#..####..#
#....##..#


You could see a two-headed ogre.

Vanquished Creatures
  The ghost of Torako the Ducker, an amateur MfMo (D:4)
  A hippogriff (D:7)
  A spriggan (D:7)
  3 sky beasts
  3 phantoms
  2 ogres (D:8)
  A centaur (D:7)
  Blork the orc (D:5)
  A gnoll sergeant (D:5)
  3 scorpions
  A crimson imp (D:4)
  2 hounds
  A centaur skeleton (D:7)
  2 orc wizards
  Crazy Yiuf (D:5)
  4 worker ants
  A killer bee zombie (D:2)
  A hound zombie (D:5)
  4 gnolls
  A howler monkey skeleton (D:5)
  6 adders
  A shadow imp (D:5)
  2 oozes
  An adder zombie (D:5)
  A worm (D:2)
  3 dart slugs
  4 leopard geckos
  12 orcs
  2 ball pythons
  5 giant cockroaches
  6 goblins
  4 hobgoblins
  7 jackals
  10 quokkas
  4 bats
  6 frilled lizards
  4 kobolds
  A quokka zombie (D:5)
  3 rats
117 creatures vanquished.

Vanquished Creatures (collateral kills)
  A wyvern zombie (D:6)
  A hobgoblin (D:2)
  3 jackals (D:6)
  A quokka (D:3)
6 creatures vanquished.

Vanquished Creatures (others)
  A plant (D:3)
1 creature vanquished.

Grand Total: 124 creatures vanquished

Notes
Turn   | Place    | Note
-------+----------+-------------------------------------------
     0 | D:1      | OlSheep the Vine Stalker Necromancer began the quest for the Orb.
     0 | D:1      | Reached XP level 1. HP: 9/9 MP: 4/4
     2 | D:1      | Learned a level 1 spell: Animate Skeleton
   216 | D:1      | Reached XP level 2. HP: 7/13 MP: 0/6
   911 | D:2      | Reached XP level 3. HP: 9/16 MP: 3/7
  1078 | D:2      | Learned a level 3 spell: Vampiric Draining
  1125 | D:2      | Reached skill level 5 in Necromancy
  1506 | D:2      | Gained mutation: Your natural rate of healing is unusually fast. [Vine Stalker growth]
  1506 | D:2      | Reached XP level 4. HP: 2/21 MP: 1/9
  1548 | D:2      | Learned a level 3 spell: Regeneration
  1616 | D:2      | Found a glowing golden altar of the Shining One.
  1763 | D:3      | Found an iron altar of Okawaru.
  1806 | D:3      | Reached skill level 1 in Polearms
  2769 | D:3      | Reached XP level 5. HP: 14/25 MP: 0/10
  2986 | D:4      | Found a staircase to the Ecumenical Temple.
  2994 | Temple   | Entered the Ecumenical Temple
  3060 | Temple   | Became a worshipper of Kikubaaqudgha
  3089 | D:4      | Noticed Torako's ghost (amateur MfMo)
  3227 | D:4      | Reached XP level 6. HP: 27/29 MP: 7/12
  3233 | D:4      | Found an iron altar of Okawaru.
  3244 | D:4      | Reached skill level 6 in Necromancy
  3364 | D:4      | Noticed a phantom
  3408 | D:4      | Killed a phantom
  3640 | D:4      | Reached XP level 7. HP: 30/32 MP: 11/13
  3660 | D:4      | Learned a level 4 spell: Animate Dead
  3702 | D:4      | Killed Torako's ghost
  3702 | D:4      | Reached skill level 1 in Fighting
  3702 | D:4      | Reached skill level 7 in Necromancy
  3945 | D:5      | Entered Level 5 of the Dungeon
  4732 | D:5      | Gained mutation: You have razor-sharp teeth. [Vine Stalker growth]
  4732 | D:5      | Reached XP level 8. HP: 36/37 MP: 13/16
  4760 | D:5      | Noticed Blork the orc
  4770 | D:5      | Killed Blork the orc
  4770 | D:5      | Reached skill level 5 in Spellcasting
  4787 | D:5      | Found a runed door.
  4820 | D:5      | Noticed Crazy Yiuf
  4831 | D:5      | Killed Crazy Yiuf
  5145 | D:6      | Found a faded altar of an unknown god.
  5145 | D:6      | Found a hazy altar of Hepliaklqana.
  5165 | D:6      | Found a blossoming altar of Fedhas.
  5169 | D:6      | Found a faded altar of an unknown god.
  5171 | D:6      | Found a glowing silver altar of Zin.
  5206 | D:6      | Reached skill level 8 in Necromancy
  5400 | D:6      | Reached * piety under Kikubaaqudgha
  5400 | D:6      | Identified Kikubaaqudgha's Reference Book on Black Arts (Kikubaaqudgha gifted it to you on level 6 of the Dungeon)
  5400 | D:6      | Received a gift from Kikubaaqudgha
  5502 | D:6      | Learned a level 3 spell: Confuse
  5681 | D:6      | Found a sparkling altar of Nemelex Xobeh.
  5852 | D:7      | Noticed SlightEye's ghost (journeyman FoFi)
  6016 | D:7      | Noticed a hippogriff
  6278 | D:7      | Noticed a spriggan baker
  6299 | D:7      | Killed a spriggan baker
  6512 | D:7      | Reached skill level 1 in Hexes
  6714 | D:8      | Noticed a two-headed ogre
  6726 | D:8      | Noticed a two-headed ogre
  7030 | D:6      | Reached XP level 9. HP: 33/42 MP: 13/19
  7395 | D:8      | Noticed a two-headed ogre
  7690 | D:8      | Slain by a two-headed ogre

Skill      XL: |  1  2  3  4  5  6  7  8  9 |
---------------+----------------------------+-----
Necromancy     | 5 6 7 8 |  8.7
Polearms       | 1 2 3 |  3.8
Spellcasting   | 3 4 6 7 |  7.2
Fighting       | 1 2 |  2.1
Hexes          | 2 3 |  3.0
Dodging        | |  1.5
Stealth        | |  2.4
Charms         | |  0.9

Action                   |  1- 3 |  4- 6 |  7- 9 || total
-------------------------+-------+-------+-------++-------
Melee: Halberd           |    39 |   103 |   177 ||   319
       Bite              |     9 |    18 |    32 ||    59
 Cast: Pain              |    24 |    54 |    99 ||   177
       Animate Skeleton  |     4 |     5 |     3 ||    12
       Vampiric Draining |     2 |     1 |    20 ||    23
       Regeneration      |       |     3 |     6 ||     9
       Animate Dead      |       |       |    13 ||    13
       Confuse           |       |       |    12 ||    12
Evoke: Wand              |       |       |     3 ||     3
  Use: Scroll            |       |     7 |     8 ||    15
 Stab: Sleeping          |     5 |     4 |     4 ||    13
       Distracted        |       |       |     1 ||     1
  Eat: Chunk             |     3 |     7 |     7 ||    17
       Ration            |       |       |     3 ||     3
Armor: Robe              |     6 |    18 |    87 ||   111
Dodge: Dodged            |    20 |    93 |   116 ||   229
